 Dungeon Crawl Stone Soup version 0.28.0-53-g5a82cb258f (webtiles) character file.

Game seed: 15738258376174319574

145535 mortz the Geomancer (level 16, -2/118 HPs)
             Began as a Demigod Earth Elementalist on July 15, 2022.
             Slain by a tarantella (10 damage)
             ... on level 3 of the Spider Nest on July 16, 2022.
             The game lasted 04:41:29 (52641 turns).

mortz the Geomancer (Demigod Earth Elementalist)   Turns: 52641, Time: 04:41:30

Health: -2/118     AC: 17    Str: 17    XL:     16   Next: 34%
Magic:  47/47      EV: 13    Int: 32    God:
Gold:   601        SH: 10    Dex: 18    Spells: 16/41 levels left

rFire   . . .      SeeInvis +   j - +10 hand axe "Waddov" {freeze, SInv, axe}
rCold   . . .      Faith    .   X - +0 kite shield of Happy Babbling {+Blink rN+ Int+3 Dex+4}
rNeg    + . .      Spirit   .   A - +5 robe of Night {Dark Will+ SInv}
rPois   +          Reflect  .   b - +2 helmet
rElec   .          Harm     .   C - +2 cloak {rPois}
rCorr   .          Rampage  .   f - +2 pair of gloves
Will    ++...                   N - +1 pair of boots
Stlth   +++.......              R - amulet of magic regeneration {@e2}
HPRegen 0.29/turn               s - ring of magical power
MPRegen 0.70/turn               Q - ring of wizardry

@: slowed, very slow
A: high MP 1, forlorn, divine attributes, deformed body
a: Evoke Blink


You were on level 3 of the Spider Nest.
You visited 4 branches of the dungeon, and saw 27 of its levels.
You also visited: Ice Cave and Volcano.

You collected 2949 gold pieces.
You spent 2348 gold pieces at shops.


Innate Abilities, Weirdness & Mutations

You have an increased reservoir of magic. (+10% MP)
You shall have no god before yourself.
Your divine heritage dramatically boosts your attributes as you level up.
Armour fits poorly on your strangely shaped body.


   Skills:
 + Level 4.7 Fighting
 + Level 8.0 Axes
 + Level 2.7 Armour
 + Level 5.5 Dodging
 + Level 4.8 Stealth
 + Level 4.1 Shields
 + Level 13.4 Spellcasting
 + Level 13.2 Conjurations
 - Level 8.7 Translocations
 + Level 0.8 Transmutations
 * Level 14.8 Earth Magic
 * Level 3.4 Evocations


You had 16 spell levels left.
You knew the following spells:

 Your Spells              Type           Power      Damage    Failure   Level
a - Sandblast             Erth           100%       2d20      0%          1
b - Passwall              Tmut/Erth      53%        N/A       1%          2
c - Iskenderun's Mystic   Conj/Tloc      75%        2d15      1%          4
d - Stone Arrow           Conj/Erth      100%       3d13      1%          3
e - Iron Shot             Conj/Erth      42%        9d8       1%          6
f - Lee's Rapid Deconstr  Erth           43%        3d22*     1%          5
g - Hailstorm             Conj/Ice       59%        3d13      1%          4

Your spell library contained the following spells:

 Spells                   Type           Power      Damage    Failure   Level
 Beastly Appendage        Tmut           52%        N/A       1%          1
 Conjure Flame            Conj/Fire      59%        6-21      1%          3
 Portal Projectile        Hex/Tloc       98%        N/A       1%          3
 Animate Armour           Summ/Erth      100%       N/A       1%          4
 Leda's Liquefaction      Hex/Erth       31%        N/A       1%          4
 Petrify                  Tmut/Erth      64%        N/A       1%          4
 Sticky Flame             Conj/Fire      59%        2d7       1%          4
 Wereblood                Tmut           26%        N/A       2%          2
 Ensorcelled Hibernation  Hex/Ice        42%        N/A       4%          2
 Sublimation of Blood     Necr           21%        N/A       4%          2
 Spider Form              Tmut/Pois      24%        N/A       6%          3
 Ignite Poison            Fire/Tmut/Pois 23%        N/A       7%          3
 Call Canine Familiar     Summ           21%        N/A       8%          3
 Swiftness                Air            21%        N/A       8%          3
 Freezing Cloud           Conj/Ice/Air   24%        6-21      12%         5
 Statue Form              Tmut/Erth      42%        N/A       16%         6
 Ice Form                 Ice/Tmut       24%        N/A       21%         4
 Anguish                  Hex/Necr       10%        N/A       26%         4
 Conjure Ball Lightning   Conj/Air       29%        3x3d8     26%         6
 Blade Hands              Tmut           13%        N/A       43%         5
 Metabolic Englaciation   Hex/Ice        10%        N/A       54%         5
 Simulacrum               Ice/Necr       10%        N/A       98%         6
 Disjunction              Tloc           33%        N/A       98%         8
 Shatter                  Erth           43%        3d33*     99%         9
 Summon Hydra             Summ           10%        N/A       100%        7
 Discord                  Hex            10%        N/A       100%        8
 Chain Lightning          Conj/Air       29%        3d39      100%        9
 Fire Storm               Conj/Fire      29%        8d8       100%        9
 Polar Vortex             Ice            10%        N/A       100%        9

Inventory:

Hand Weapons
 j - the +10 hand axe "Waddov" (weapon) {freeze, SInv, axe}
   (You found it on level 2 of the Dungeon)

   It freezes those it strikes, dealing additional cold damage.
   It can also slow down cold-blooded creatures.
   SInv:      It lets you see invisible.
Missiles
 c - 974 stones {throwing}
Armour
 b - a +2 helmet (worn)
   (You found it on level 6 of the Dungeon)
 f - a +2 pair of gloves (worn)
   (You found it on level 14 of the Dungeon)
 v - the +1 scale mail "Onoumpua" {*Corrode Regen+ Str+8 Dex-2}
   (You found it on level 2 of the Spider Nest)

   Str:       It affects your strength (+8).
   Dex:       It affects your dexterity (-2).
   Regen:     It increases your rate of health regeneration.
   *Corrode:  It may corrode you when you take damage.
 A - the +5 robe of Night (worn) {Dark Will+ SInv}
   (You found it on level 7 of the Dungeon)

   It shrouds the wearer in darkness, reducing the range at which they can see
   and be seen by others.
   SInv:      It lets you see invisible.
   Will:      It increases your willpower.
 B - a +0 troll leather armour
   (You found it on level 14 of the Dungeon)
 C - a +2 cloak of poison resistance (worn)
   (You found it on level 14 of the Dungeon)
 N - a +1 pair of boots (worn)
   (You found it on level 2 of the Lair of Beasts)
 O - a scarf of resistance
   (You bought it in a shop on level 9 of the Dungeon)
 X - the +0 kite shield of Happy Babbling (worn) {+Blink rN+ Int+3 Dex+4}
   (You acquired it on level 2 of the Lair of Beasts)

   Int:       It affects your intelligence (+3).
   Dex:       It affects your dexterity (+4).
   rN:        It protects you from negative energy.
   +Blink:    It lets you blink.
Jewellery
 n - a ring of fire
   (You found it on level 5 of the Dungeon)
 s - a ring of magical power (left hand)
   (You found it on level 5 of the Dungeon)
 J - a ring of willpower
   (You found it on level 1 of the Spider Nest)
 M - a +6 ring of strength
   (You found it on level 2 of the Lair of Beasts)
 Q - a ring of wizardry (right hand)
   (You found it on level 14 of the Dungeon)
 R - an amulet of magic regeneration (around neck) {@e2}
   (You found it on level 2 of the Spider Nest)
 S - a ring of resist corrosion
   (You found it on level 11 of the Dungeon)
 U - the amulet of Uwesaorr {Reflect rPois Str+3 SH+5}
   (You found it on level 12 of the Dungeon)

   [amulet of reflection]

   It reflects blocked missile attacks.
   Str:       It affects your strength (+3).
   rPois:     It protects you from poison.
   SH:        It affects your SH (+5).
 W - a ring of ice
   (You took it off a deep elf pyromancer on level 14 of the Dungeon)
 Y - the ring of the Hippo {Fire rElec rN+ rCorr Slay+2}
   (You found it on level 7 of the Dungeon)

   [ring of fire]

   It enhances your fire magic.
   Slay:      It affects your accuracy & damage with ranged weapons and melee
   (+2).
   rF:        It protects you from fire.
   rC:        It makes you vulnerable to cold.
   rElec:     It insulates you from electricity.
   rN:        It protects you from negative energy.
   rCorr:     It protects you from acid and corrosion.
 Z - a +4 ring of evasion
   (You found it on level 1 of the Spider Nest)
Wands
 a - a wand of charming (6)
   (You found it on level 1 of the Spider Nest)
 m - a wand of digging (4)
   (You took it off a centaur warrior on level 13 of the Dungeon)
 t - a wand of iceblast (14)
   (You found it on level 7 of the Dungeon)
 w - a wand of flame (30)
   (You found it on level 7 of the Dungeon)
 x - a wand of mindburst (28)
   (You took it off Pikel on level 7 of the Dungeon)
 E - a wand of acid (6)
   (You found it on level 10 of the Dungeon)
 P - a wand of polymorph (12)
   (You found it on level 6 of the Lair of Beasts)
Scrolls
 g - 2 scrolls of blinking {!r}
 h - 5 scrolls of magic mapping {!r}
 l - 9 scrolls of immolation {!r!r}
 o - 2 scrolls of enchant weapon
 q - 10 scrolls of identify {@r1}
 r - 12 scrolls of teleportation {@r4}
 y - a scroll of fog
 D - 4 scrolls of fear
 V - 2 scrolls of summoning
Potions
 d - 5 potions of brilliance
 e - a potion of might
 i - 6 potions of curing {@q1}
 k - a potion of flight
 p - 3 potions of berserk rage {!q}
 u - 3 potions of haste {@q3}
 z - 2 potions of invisibility
 F - 5 potions of heal wounds {@q2}
 G - a potion of magic
 H - 2 potions of lignification {!q}
 I - 6 potions of ambrosia
 L - 2 potions of mutation {!q}
Miscellaneous
 K - a lightning rod (4/4)
   (You found it on level 2 of the Spider Nest)

Dungeon Overview and Level Annotations

Branches:
Dungeon (15/15)            Temple (0/1) D:4            Lair (6/6) D:8
 Shoals (0/4) Lair:4       Spider (4/4) Lair:2        Slime (0/5) Lair:6
    Orc (2/2) D:10            Elf (0/3) Orc:2        Vaults (0/5) D:13
 Depths (0/4) D:15          IceCv (visited)         Volcano (visited)

Shops:
D:6 (   D:9 *?   D:13 =(   Orc:1 (   Orc:2 *[:?!

Portals:
Pandemonium: Orc:2
Trove: D:10 (give +2 storm dragon scales)

Annotations:
D:13 3 runed translucent doors, Ahonude's ghost, journeyman TrMo

#............##..^..#.^
#####..#....#......#....#.#
##..##.###...#######...###.#
#..(####....###....#.......#
##.....^....#.#.).....###...
###)#......##....ยง.##.#^.....
#
##...###.#..#..#.w....##(###.#
#
#...........##ss.##....#......
#
###...#..###..@s...#.....###..^
#
#.....###...^..s...#..........#
##..)...#.......#..#)..##^###.#
##........#..###^##..###...#.#
##.#..#..#.## ####...##...#..
######.#...### ###^##^.....
###^######....# #..^......
.#...#..##^..## ##.##..#.#
........#..#..## #.###.^.#


You could see a torpor snail (berserk), 2 wolf spiders, a tarantella (berserk)
and a redback.


Message History

๐Ÿ˜ฎ HP[-11]
You take 11 damage, and now have 79/118 hp.
Casting: Iskenderun's Mystic Blast (safe; 1% risk of failure)
Confirm with . or Enter, or press ? or * to list all spells.
You erupt in a blast of force!
The mystic blast hits the culicivora!!
The culicivora is knocked back by the mystic blast.
The culicivora collides with the demonic crawler!
You kill the culicivora!
The mystic blast hits the jumping spider!!
The jumping spider is knocked back by the mystic blast.
The mystic blast hits the tarantella!!
The tarantella is knocked back by the mystic blast.
The tarantella slams into the rock wall!
The mystic blast hits the torpor snail!!
The torpor snail is knocked back by the mystic blast.
The torpor snail slams into the rock wall!
The mystic blast hits the wolf spider!!
The wolf spider is knocked back by the mystic blast.
The wolf spider slams into the rock wall!
The mystic blast hits the moth of wrath!!
The moth of wrath is knocked back by the mystic blast.
The moth of wrath collides with the jumping spider!
The mystic blast hits the redback!
The redback is knocked back by the mystic blast.
The redback collides with the demonic crawler!
The mystic blast hits the wolf spider!
The wolf spider is knocked back by the mystic blast.
The mystic blast hits the demonic crawler!
The demonic crawler is knocked back by the mystic blast.
You hear an angry hiss. x2
You block the tarantella's attack.
A redback comes into view.
A tarantella comes into view.
A broodmother comes into view.
The demonic crawler shrieks in warning!
The tarantella barely misses you.
The jumping spider leaps!
The demonic crawler shrieks in warning!
You block the wolf spider's attack. The wolf spider barely misses you.
A redback comes into view.
The wolf spider hits you. The wolf spider closely misses you.
You block the tarantella's attack.
The redback moves out of view.
The tarantella moves out of view.
You hear an angry hiss. x2 ๐Ÿ˜ฎ HP[-1] MP[-3]
You take 1 damage, and now have 78/118 hp.
You lost 3 mp, and now have 44/47 mp.
The tarantella touches you!
You are confused.
The wolf spider barely misses you.
The wolf spider bites you but does no damage.
The redback bites you!
* * * LOW HITPOINT WARNING * * *
The tarantella touches you!
* * * LOW HITPOINT WARNING * * *
The wolf spider hits you!
* * * LOW HITPOINT WARNING * * *
The wolf spider bites you but does no damage.
The torpor snail bites you.
* * * LOW HITPOINT WARNING * * *
The moth of wrath goads the wolf spider on!
The wolf spider goes berserk!
The wolf spider misses you.
The wolf spider bites you but does no damage.
The demonic crawler shrieks in warning!
The redback barely misses you. The wolf spider hits you!
* * * LOW HITPOINT WARNING * * *
The wolf spider bites you.
* * * LOW HITPOINT WARNING * * *
The tarantella touches you but does no damage.
The demonic crawler closely misses you.
The demonic crawler hits you but does no damage.
The demonic crawler barely misses you. The torpor snail bites you!!
* * * LOW HITPOINT WARNING * * *
The tarantella hisses angrily.
You hear an angry hiss.
You climb upwards.
You feel less confused.
There is a stone staircase leading down here. ๐Ÿ˜ฑ HP[-74] MP[+2]
You take 74 damage, and now have 4/118 hp.
MASSIVE DAMAGE!! (PAUSE)
You regained 2 mp, and now have 46/47 mp.
Okay, then.
Really read
g - 3 scrolls of blinking {!r}?
Blink to where?
Press: ? - help, Dir - move target
As you read the scroll of blinking {!r}, it crumbles to dust.
You feel yourself speed up.
Being near the torpor snail leaves you feeling lethargic.
The wolf spider hits you but does no damage.
You block the wolf spider's attack. ๐Ÿ˜ฑ HP[+1] MP[+1]
Your mp is fully restored (47).
You feel much better.
The tarantella rages.
The wolf spider hits you!!
* * * LOW HITPOINT WARNING * * *
The wolf spider bites you.
* * * LOW HITPOINT WARNING * * *
The tarantella misses you. The wolf spider completely misses you.
You block the wolf spider's attack. The tarantella touches you!
You die...

Skill      XL: |  1  2  3  4  5  6  7  8  9 10 11 12 13 14 15 16 |
---------------+-------------------------------------------------+-----
Earth Magic    | 3 4 5 6 8 9 10 11 12 14 | 14.8
Spellcasting   | 2 3 4 5 7 8 9 10 11 13 | 13.4
Stealth        | 2 3 4 |  4.8
Dodging        | 2 3 4 5 |  5.5
Axes           | 1 2 3 4 5 6 7 8 |  8.0
Conjurations   | 1 2 3 5 7 8 10 12 13 | 13.2
Fighting       | 1 2 3 4 |  4.7
Translocations | 1 3 4 5 6 7 8 |  8.7
Armour         | 1 2 |  2.7
Shields        | 1 2 4 |  4.1
Evocations     | 2 3 |  3.4
Transmutations | |  0.8

Action                   |  1- 3 |  4- 6 |  7- 9 | 10-12 | 13-15 | 16-18 || total
-------------------------+-------+-------+-------+-------+-------+-------++-------
Melee: Hand axe          |    45 |    60 |   126 |   247 |   229 |       ||   707
       Unarmed           |     9 |       |       |       |       |       ||     9
       Short sword       |    41 |       |       |       |       |       ||    41
       Punch             |       |     2 |       |     2 |       |       ||     4
 Cast: Sandblast         |    16 |    15 |     4 |       |     6 |       ||    41
       Stone Arrow       |       |       |    71 |   368 |   808 |    71 ||  1318
       Iskenderun's Myst |       |       |       |    25 |   271 |    60 ||   356
       Lee's Rapid Decon |       |       |       |       |    32 |     9 ||    41
       Hailstorm         |       |       |       |       |     1 |       ||     1
  Use: Scroll            |     5 |     4 |     3 |    15 |    11 |     1 ||    39
       Potion            |       |       |       |       |     8 |     2 ||    10
 Stab: Sleeping          |     1 |       |     5 |       |       |       ||     6
       Distracted        |       |       |       |     1 |       |       ||     1
Armor: Robe              |     4 |     5 |    13 |    85 |   116 |    40 ||   263
       Leather armour    |     5 |       |       |       |       |       ||     5
       Swamp dragon scal |       |       |     7 |    28 |       |       ||    35
       Scale mail        |       |       |       |       |     3 |       ||     3
Dodge: Dodged            |    57 |    49 |    89 |   170 |   168 |    37 ||   570
Block: Kite shield       |       |       |       |    70 |   317 |    44 ||   431
       Reflection        |       |       |       |       |    34 |       ||    34

Levels and vault maps discovered:
D:1:      onia_arrival_pyramid, layout_basic
D:2:      layout_loops_ring, uniq_crazy_yiuf_cottage
D:3:      layout_loops_corners, shapermc_ecumenical_altar_pompeii,
          mrwooster_statue_mirror
D:4:      layout_rooms, minmay_temple_entry_statues_pillars
D:5:      minmay_razor_zed, layout_loops_ring
D:6:      layout_rooms, serial_shops, kennysheep_mini_moat
D:7:      layout_rooms, nicolae_tso_swordbearing_angel, gammafunk_ghost_icy,
          grunt_decor_cap, minmay_misc_feat_chi, hellmonk_guarded_unrand_night,
          uniq_pikel, uniq_duvessa, uniq_maggie, uniq_prince_ribbit1
D:8:      layout_gridville, dpeg_oklobed_lair, special_room [special_room_orc],
          gammafunk_ghost_stat_death, minmay_guarded_unrand_variability
D:9:      layout_long_grid, serial_shops, shop_coins, minivault_14,
          mumra_transporter_accident, nicolae_shop_sticking_my_neck_out
D:10:     layout_roguey, kennysheep_orc_monster_closet_entryway, enter_trove_5,
          uniq_josephine
D:11:     layout_roguey, tgw_fedhas
D:12:     layout_layer_cave
D:13:     layout_basic, skrybe_vaults_entry_preservation, gammafunk_ghost_ooze,
          serial_shops, shop, nicolae_shop_hallway_plus,
          minmay_fractal_squares_5
D:14:     layout_layer_cave, minmay_misc_feat_room, nrook_pool_corridor
D:15:     grunt_enter_depths_magical_seal, layout_long_grid, nicolae_wwwww,
          lightli_wizard_tower, uniq_roxanne
Lair:1:   layout_long_grid, nicolae_volcano_entry_hallway
Lair:2:   layout_cave_pods, spider_nest_entry_rubble, lemuel_fruit_tree,
          grunt_megastairs_1
Lair:3:   layout_small_grid, grunt_forest_small_clearing_treed, uniq_nergalle
Lair:4:   layout_cave_pods, elwin_shoals_entry_rocks, nicolae_lair_lil_pond
Lair:5:   layout_regular_city, lemuel_fruit_fields
Lair:6:   minmay_lair_end_frog_pond, layout_long_grid,
          dpeg_slime_entry_enclosed_altar, minmay_stone_trees_small,
          roderic_batcave, small_statue_intersection, uniq_snorg
Spider:1: layout_spider_delve
Spider:2: layout_cave_pods, hangedman_spider_tarantella_strand,
          nicolae_spider_cling_halls
Spider:3: layout_spider_delve, hangedman_stitches_earthworm
Spider:4: grunt_spider_rune_circles, nicolae_spider_not_touching_you,
          uniq_arachne
Orc:1:    layout_diamond_mine, serial_shops, nicolae_shop_advertising_works
          [nicolae_subvault_shop_adworks]
Orc:2:    pf_orc_diabolical, layout_caves, portal_ice_cave_entry_pillars_1,
          serial_shops, shop, abandoned_shop, mines2_lemuel

Notes
Turn   | Place    | Note
-------+----------+-------------------------------------------
     0 | D:1      | mortz the Demigod Earth Elementalist began the quest for
                  | the Orb.
     0 | D:1      | Reached XP level 1. HP: 14/14 MP: 5/5
     0 | D:1      | magus.rc [v1.9.6]
   508 | D:1      | Reached skill level 3 in Earth Magic
   773 | D:1      | Reached skill level 2 in Spellcasting
  1252 | D:1      | Reached XP level 2. HP: 11/20 MP: 7/7
  1453 | D:1      | Learned a level 2 spell: Passwall
  1592 | D:2      | Reached skill level 2 in Stealth
  1711 | D:2      | Reached XP level 3. HP: 26/26 MP: 7/9
  1715 | D:2      | Learned a level 3 spell: Stone Arrow
  1744 | D:2      | Identified the +10 hand axe "Waddov" {freeze, SInv}
  2308 | D:2      | Found a runed translucent door.
  2309 | D:2      | Noticed Crazy Yiuf
  2732 | D:3      | Reached skill level 2 in Dodging
  2796 | D:3      | Reached skill level 1 in Axes
  2836 | D:3      | You pick up a book of Changes and begin reading...
  2836 | D:3      | You add the spells Beastly Appendage, Wereblood and Spider
                  | Form to your library.
  3232 | D:3      | Reached XP level 4. HP: 12/34 MP: 8/10
  3510 | D:3      | Identified the +1 robe of Compression {Str+3}
  3526 | D:3      | You pick up a book of Burglary and begin reading...
  3526 | D:3      | You add the spells Ensorcelled Hibernation and Swiftness to
                  | your library.
  3825 | D:4      | Reached skill level 2 in Axes
  3950 | D:4      | Noticed an ogre
  3957 | D:4      | Killed an ogre
  3958 | D:4      | Reached skill level 1 in Conjurations
  3958 | D:4      | Reached XP level 5. HP: 12/39 MP: 6/11
  4171 | D:4      | Reached skill level 1 in Fighting
  4280 | D:4      | Reached skill level 3 in Axes
  4394 | D:4      | Reached XP level 6. HP: 27/47 MP: 10/13
  4407 | D:4      | You pick up a book of Blood and begin reading...
  4407 | D:4      | You add the spells Sublimation of Blood and Summon Hydra to
                  | your library.
  4797 | D:4      | Found a staircase to the Ecumenical Temple.
  4818 | D:4      | You add the spells Conjure Flame, Ignite Poison and Sticky
                  | Flame to your library.
  4947 | D:4      | Reached skill level 3 in Spellcasting
  5005 | D:5      | Entered Level 5 of the Dungeon
  5023 | D:5      | HP: 6/47 [centaur warrior zombie (10)]
  5025 | D:5      | Reached skill level 4 in Axes
  5025 | D:5      | Reached skill level 2 in Conjurations
  5025 | D:5      | Reached skill level 4 in Earth Magic
  5025 | D:5      | Reached XP level 7. HP: 6/52 MP: 13/15
  5653 | D:5      | Reached skill level 5 in Axes
  6008 | D:5      | Got Sif Muna's Tome of Shifting Orientation
  6046 | D:5      | Reached skill level 3 in Dodging
  6046 | D:5      | Reached XP level 8. HP: 52/61 MP: 16/16
  6386 | D:5      | Reached skill level 2 in Fighting
  6504 | D:5      | Reached skill level 3 in Conjurations
  6637 | D:5      | HP: 12/61 [iguana (9)]
  6639 | D:5      | HP: 5/61 [iguana (8)]
  6641 | D:5      | Reached skill level 3 in Stealth
  7060 | D:6      | Reached skill level 6 in Axes
  7060 | D:6      | Reached skill level 1 in Translocations
  7455 | D:6      | Reached skill level 5 in Earth Magic
  7701 | D:6      | Found Arat Ber's Antique Weapon Emporium.
  7778 | D:6      | You pick up a book of Blood and begin reading...
  7987 | D:7      | Reached skill level 4 in Spellcasting
  8013 | D:7      | Noticed Duvessa
  8034 | D:7      | Noticed Dowan
  8051 | D:7      | Reached XP level 9. HP: 68/68 MP: 17/18
  8113 | D:7      | Killed Dowan
  8140 | D:7      | Killed Duvessa
  8141 | D:7      | Reached skill level 2 in Translocations
  8300 | D:7      | Noticed Maggie
  8313 | D:7      | Killed Maggie
  8314 | D:7      | Reached skill level 4 in Conjurations
  8454 | D:7      | Found a runed translucent gate.
  8454 | D:7      | Found a runed translucent gate.
  8455 | D:7      | Found a runed translucent gate.
  8591 | D:7      | Noticed turdburglar's ghost (novice DsMo)
  8597 | D:7      | You pick up a book of the Hunter and begin reading...
  8597 | D:7      | You add the spells Call Canine Familiar, Portal Projectile
                  | and Leda's Liquefaction to your library.
  8618 | D:7      | Noticed Pikel
  8628 | D:7      | Killed Pikel
  8629 | D:7      | Reached skill level 6 in Earth Magic
  8646 | D:7      | Reached skill level 3 in Translocations
  8918 | D:7      | Noticed Prince Ribbit
  8924 | D:7      | Killed Prince Ribbit
  8925 | D:7      | Reached skill level 1 in Armour
  8925 | D:7      | Reached skill level 5 in Spellcasting
  9142 | D:7      | Reached skill level 5 in Conjurations
  9146 | D:7      | Reached XP level 10. HP: 66/74 MP: 22/22
  9235 | D:7      | Found the +5 robe of Night {Dark Will+ SInv}
 10522 | D:8      | Noticed a two-headed ogre
 10560 | D:8      | Reached skill level 6 in Spellcasting
 10678 | D:8      | Noticed ShinZimon's ghost (novice SpCj)
 10680 | D:8      | Found a transporter.
 10695 | D:8      | Found a transporter.
 10711 | D:8      | Reached skill level 7 in Earth Magic
 10889 | D:8      | You pick up a book of Geomancy and begin reading...
 10904 | D:8      | Found the +7 mace of Variability {chain chaos}
 10914 | D:8      | HP: 15/75 [chaos spawn (15)]
 10915 | D:8      | Reached skill level 4 in Translocations
 11386 | D:8      | Found a staircase to the Lair.
 11670 | D:8      | Killed a two-headed ogre
 11766 | D:8      | Reached skill level 3 in Fighting
 11947 | D:8      | Reached skill level 8 in Earth Magic
 11955 | D:8      | Learned a level 4 spell: Iskenderun's Mystic Blast
 11989 | D:9      | Noticed a brown ugly thing
 11996 | D:9      | Killed a brown ugly thing
 11997 | D:9      | Reached skill level 2 in Armour
 11997 | D:9      | Reached skill level 4 in Dodging
 12113 | D:9      | You pick up a book of Annihilations and begin reading...
 12113 | D:9      | You add the spells Chain Lightning, Fire Storm and Shatter
                  | to your library.
 12135 | D:9      | Found Padoent's Magic Scroll Shop.
 12166 | D:9      | Bought a scroll of magic mapping for 59 gold pieces
 12166 | D:9      | Bought a scroll of enchant armour for 127 gold pieces
 12166 | D:9      | Bought a scroll of identify for 34 gold pieces
 12166 | D:9      | Bought a scroll of identify for 34 gold pieces
 12166 | D:9      | Bought a scroll of identify for 34 gold pieces
 13219 | D:9      | Found Comayx's Neck Hole.
 13524 | D:10     | Entered Level 10 of the Dungeon
 13664 | D:10     | Reached skill level 7 in Spellcasting
 13920 | D:10     | Noticed Josephine
 13928 | D:10     | Reached XP level 11. HP: 58/80 MP: 25/25
 13935 | D:10     | HP: 7/74 [Josephine/ghostly fireball (34)]
 13935 | D:10     | HP: 3/74 [Josephine/+2 dagger of venom (4)]
 13936 | D:10     | Killed Josephine
 13977 | D:10     | HP: 4/82 [wraith[Josephine] (8)]
 14386 | D:10     | Found a staircase to the Orcish Mines.
 14393 | D:10     | Reached skill level 6 in Conjurations
 14934 | D:10     | Reached skill level 5 in Translocations
 15087 | D:10     | Noticed a vault guard
 15104 | D:10     | Killed a vault guard
 15105 | D:10     | Reached skill level 4 in Stealth
 15363 | D:10     | Found a portal to a secret trove of treasure.
 15367 | D:10     | This trove needs +2 storm dragon scales to function. Give
                  | it the item?
 16028 | Lair:1   | Entered Level 1 of the Lair of Beasts
 16028 | Lair:1   | Noticed an eight-headed hydra
 16032 | Lair:1   | Killed an eight-headed hydra
 16033 | Lair:1   | Reached skill level 9 in Earth Magic
 16039 | Lair:1   | Reached skill level 8 in Spellcasting
 16442 | Lair:1   | Found a dark tunnel.
 16449 | Volcano  | Entered a volcano
 16468 | Volcano  | Noticed a centaur warrior
 16472 | Volcano  | Killed a centaur warrior
 16473 | Volcano  | Reached skill level 7 in Conjurations
 16534 | Volcano  | Noticed a hell knight
 16913 | Lair:1   | You pick up a book of Chaos and begin reading...
 16913 | Lair:1   | You add the spells Conjure Ball Lightning, Disjunction and
                  | Discord to your library.
 17399 | Lair:1   | Reached XP level 12. HP: 89/89 MP: 28/28
 17679 | Lair:2   | Reached skill level 7 in Axes
 18238 | Lair:2   | Reached skill level 6 in Translocations
 18391 | Lair:2   | Found a hole to the Spider Nest.
 18719 | D:9      | Bought a scarf of resistance for 480 gold pieces
 18962 | Lair:2   | Reached skill level 8 in Conjurations
 19759 | Lair:3   | Reached skill level 10 in Earth Magic
 19890 | Lair:3   | Noticed a six-headed hydra
 19897 | Lair:3   | Killed a six-headed hydra
 19897 | Lair:3   | Noticed Nergalle
 19898 | Lair:3   | Reached skill level 9 in Spellcasting
 20627 | Lair:3   | Killed Nergalle
 20865 | Lair:4   | Reached skill level 1 in Shields
 20870 | Lair:4   | Reached skill level 4 in Fighting
 21168 | Lair:4   | Found a staircase to the Shoals.
 21890 | Lair:5   | Noticed an eight-headed hydra
 21899 | Lair:5   | Killed an eight-headed hydra
 23344 | Lair:6   | Entered Level 6 of the Lair of Beasts
 23407 | Lair:6   | Noticed Snorg
 23451 | Lair:6   | Noticed a six-headed hydra
 23802 | Lair:5   | Reached XP level 13. HP: 54/96 MP: 31/31
 24277 | Lair:6   | Reached skill level 7 in Translocations
 24735 | Lair:6   | Reached skill level 9 in Conjurations
 25564 | Lair:6   | Reached skill level 2 in Shields
 25978 | Lair:6   | Reached skill level 10 in Spellcasting
 26445 | Lair:6   | Killed Snorg
 27226 | Lair:6   | Identified the +1 morningstar "Cauwn" {antimagic, Will+}
 27455 | Lair:6   | magus.rc [v1.9.6]
 27467 | Lair:6   | Reached skill level 11 in Earth Magic
 27628 | Lair:6   | Found a staircase to the Slime Pits.
 28149 | D:11     | Reached skill level 10 in Conjurations
 28729 | D:11     | Reached skill level 8 in Axes
 30188 | D:12     | Identified the amulet of Uwesaorr {Reflect rPois Str+3
                  | SH+5}
 31268 | D:12     | Reached XP level 14. HP: 105/105 MP: 16/33
 31950 | D:12     | Reached skill level 8 in Translocations
 32251 | D:12     | magus.rc [v1.9.6]
 32300 | Orc:1    | Entered Level 1 of the Orcish Mines
 32645 | Orc:1    | Found Ziuhuir's Weapon Shoppe.
 33087 | Orc:2    | Entered Level 2 of the Orcish Mines
 33288 | Orc:2    | Found Redduy's Assorted Antiques.
 33306 | Orc:2    | Found a frozen archway.
 33428 | IceCv    | Entered an ice cave
 33786 | IceCv    | Reached skill level 11 in Spellcasting
 34090 | IceCv    | Noticed a frost giant
 34106 | IceCv    | Reached skill level 11 in Conjurations
 34299 | IceCv    | You pick up a book of Ice and begin reading...
 34299 | IceCv    | You add the spells Freezing Cloud, Simulacrum and Polar
                  | Vortex to your library.
 34300 | IceCv    | Identified a +2 crystal plate armour of cold resistance
 34301 | IceCv    | a - a +2 crystal plate armour of cold resistance {rarerare}
 34307 | IceCv    | T - a +2 double sword of freezing {longrare}
 35659 | Orc:2    | Found Ocoxokhle's Magic Scroll Emporium.
 35778 | Orc:2    | Reached skill level 5 in Dodging
 35786 | Orc:2    | Gained mutation: Armour fits poorly on your strangely
                  | shaped body. [a neqoxec]
 35822 | Orc:2    | Found Etaneing's Distillery.
 35825 | Orc:2    | Bought a scroll of acquirement for 572 gold pieces
 36250 | Orc:2    | Reached skill level 12 in Earth Magic
 36993 | Orc:2    | Found a staircase to the Elven Halls.
 37923 | Orc:2    | Found Onuiras's Antique Armour Boutique.
 37923 | Orc:2    | Found Buziy's Book Shop.
 37924 | Orc:2    | Found a one-way gate leading to the halls of Pandemonium.
 37928 | Orc:2    | Bought a book of Iron for 504 gold pieces
 37928 | Orc:2    | You pick up a book of Iron and begin reading...
 37928 | Orc:2    | You add the spells Animate Armour, Blade Hands and Iron
                  | Shot to your library.
 37935 | Orc:2    | Learned a level 6 spell: Iron Shot
 38282 | D:2      | Killed Crazy Yiuf
 38786 | D:7      | Got the ring of the Hippo {Fire rElec rN+ rCorr Slay+2}
 38825 | D:8      | magus.rc [v1.9.6]
 38924 | D:8      | Killed ShinZimon's ghost
 39090 | D:7      | Killed turdburglar's ghost
 39805 | Orc:2    | Bought a book of the Earth for 504 gold pieces
 39805 | Orc:2    | You pick up a book of the Earth and begin reading...
 39805 | Orc:2    | You add the spells Lee's Rapid Deconstruction and Statue
                  | Form to your library.
 39811 | Orc:2    | Learned a level 5 spell: Lee's Rapid Deconstruction
 39946 | D:13     | Found a runed translucent gate.
 39946 | D:13     | Found a runed translucent gate.
 39947 | D:13     | Noticed a rockslime
 40287 | D:13     | Reached skill level 12 in Conjurations
 40632 | D:13     | Found Jimn's Weapon Shoppe.
 40944 | D:13     | Reached XP level 15. HP: 111/111 MP: 17/35
 40958 | D:13     | Reached skill level 3 in Shields
 41425 | D:13     | Found Ekhir's Jewellery Shoppe.
 41476 | D:13     | Found a runed translucent gate.
 41477 | D:13     | Noticed an azure jelly
 41478 | D:13     | Noticed Ahonude's ghost (journeyman TrMo)
 41478 | D:13     | Noticed an azure jelly
 41479 | D:13     | Noticed an acid blob
 41479 | D:13     | Noticed an acid blob
 42025 | D:13     | Reached skill level 12 in Spellcasting
 42074 | D:13     | Found a gate to the Vaults.
 42307 | D:13     | Noticed an acid blob
 42322 | D:13     | Noticed an acid blob
 42595 | D:13     | magus.rc [v1.9.6]
 42629 | D:14     | You pick up a book of the Tundra and begin reading...
 42629 | D:14     | You add the spells Hailstorm and Ice Form to your library.
 42635 | D:14     | Learned a level 4 spell: Hailstorm
 43061 | D:14     | Reached skill level 13 in Earth Magic
 44553 | D:15     | Entered Level 15 of the Dungeon
 45355 | D:15     | Noticed Roxanne
 45364 | D:15     | Killed Roxanne
 45463 | D:15     | You pick up a book of Sloth and begin reading...
 46091 | D:15     | You pick up a book of Dreams and begin reading...
 46297 | D:15     | Found a staircase to the Depths.
 46559 | Spider:1 | Entered Level 1 of the Spider Nest
 47257 | Lair:2   | Acquired the +0 kite shield of Happy Babbling {+Blink rN+
                  | Int+3 Dex+4}
 47540 | Spider:1 | Reached skill level 14 in Earth Magic
 47883 | Spider:1 | HP: 24/111 [poisoned by an emperor scorpion]
 48217 | Spider:1 | Reached skill level 1 in Evocations
 48544 | Lair:2   | You drop a +2 crystal plate armour of cold resistance
                  | {rarerare}.
 48875 | Spider:2 | Identified the +1 scale mail "Onoumpua" {*Corrode Regen+
                  | Str+8 Dex-2}
 49223 | Spider:2 | magus.rc [v1.9.6]
 49579 | Spider:2 | Identified the +0 robe of Darkness {rN+ Will- Dex+4}
 49613 | Spider:2 | Reached skill level 4 in Shields
 50080 | Spider:2 | Reached skill level 2 in Evocations
 50358 | Spider:3 | Reached skill level 13 in Spellcasting
 50360 | Spider:3 | Reached XP level 16. HP: 109/118 MP: 32/38
 50444 | Spider:3 | Reached skill level 13 in Conjurations
 50669 | Spider:3 | magus.rc [v1.9.6]
 51099 | Spider:3 | Reached skill level 3 in Evocations
 52375 | Spider:4 | Entered Level 4 of the Spider Nest
 52632 | Spider:3 | You drop a +2 double sword of freezing {longrare}.
 52638 | Spider:4 | HP: 29/118 [wolf spider (7)]
 52638 | Spider:4 | HP: 3/118 [torpor snail (23)]
 52641 | Spider:3 | Slain by a tarantella

Vanquished Creatures
  Roxanne (D:15)
  An emperor scorpion (Spider:1)
  A ghost moth (Spider:2)
  4 broodmothers
  An entropy weaver (Spider:2)
  Snorg (Lair:6)
  Josephine (D:10)
  A vault guard (D:10)
  9 hydras
  10 boulder beetles
  3 demonspawn (Orc:2)
  12 centaur warriors
  A jorogumo (Spider:3)
  2 two-headed ogres
  2 tengu warriors
  7 death yaks (IceCv)
  7 orc high priests (Orc:2)
  A sun demon (Orc:2)
  Nergalle (Lair:3)
  3 pharaoh ants
  2 goliath frogs (Lair:6)
  10 skeletal warriors
  A sun moth (Spider:3)
  6 steelbarb worms
  8 orb spiders
  A wizard (D:15)
  Pikel (D:7)
  A harpy (shapeshifter) (D:10)
  A necromancer (D:15)
  4 orc knights (Orc:2)
  10 wolf spiders
  A deep elf pyromancer (D:14)
  A wolf spider zombie (D:15)
  The ghost of turdburglar the Slasher, a novice DsMo of Makhleb (D:7)
  The ghost of ShinZimon the Magician, a novice SpCj of Nemelex Xobeh (D:8)
  3 manticores
  8 orc sorcerers
  2 oklob plants
  5 cyclopes
  A cyclops (shapeshifter) (D:10)
  2 centaur zombies
  8 elephants
  13 ugly things
  4 moths of wrath
  2 naga magi (D:15)
  3 centaur skeletons (D:15)
  3 torpor snails
  19 cane toads
  Maggie (D:7)
  3 unseen horrors
  3 demonic crawlers
  5 komodo dragons
  10 rime drakes
  A tengu conjurer (D:15)
  A yaktaur (Volcano)
  8 polar bears
  4 trolls
  7 meliai
  A red devil (Orc:2)
  29 blink frogs
  2 hornets
  10 tarantellas
  11 slime creatures
  Prince Ribbit (D:7)
  3 tyrant leeches (Lair:6)
  4 dream sheep (D:7)
  20 jumping spiders
  8 culicivoras
  2 shadows (D:7)
  A wyvern (Lair:2)
  A vampire (D:11)
  5 basilisks
  7 wraiths
  46 yaks
  3 chaos spawn (D:8)
  13 vampire mosquitoes
  2 steam dragons
  26 redbacks
  A neqoxec (Orc:2)
  2 wargs (Orc:2)
  A redback simulacrum (D:15)
  An acid dragon (D:12)
  16 water moccasins
  Duvessa (D:7)
  34 orc warriors
  5 ice beasts
  3 sky beasts
  18 wolves
  10 ogres
  2 lemures (D:7)
  19 centaurs
  A phantom (D:7)
  A kobold brigand (D:10)
  16 bullfrogs
  2 scorpions (D:5)
  4 gnoll sergeants
  A wyvern zombie (D:5)
  A wyvern skeleton (D:5)
  Dowan (D:7)
  3 killer bees (D:10)
  4 wights (D:8)
  An electric eel (D:9)
  A vampire bat (Lair:6)
  A crimson imp (D:15)
  A howler monkey (D:9)
  3 jellies
  3 quasits (D:8)
  Crazy Yiuf (D:2)
  3 hounds
  28 orc priests
  2 gnoll shamans
  4 iguanas
  24 orc wizards
  4 hell rats (Lair:5)
  A killer bee zombie (D:5)
  3 centaur simulacra (D:7)
  A hound skeleton (D:4)
  2 howler monkey zombies
  A howler monkey skeleton (D:7)
  19 gnolls
  5 adders
  2 shadow imps
  A white imp (D:7)
  3 worms
  4 dart slugs
  94 orcs
  6 endoplasms
  2 giant cockroaches
  2 goblins
  6 hobgoblins
  3 jackals (D:2)
  3 quokkas
  4 ball pythons
  13 bats
  4 frilled lizards
  4 kobolds
  2 rats
  2 bushes (D:11)
  A butterfly (Lair:5)
840 creatures vanquished.

Vanquished Creatures (others)
  A bush (Lair:6)
  74 fungi
  163 plants
238 creatures vanquished.

Grand Total: 1078 creatures vanquished

Table legend:
 A = Non-vault XP
 B = Vault XP
 C = Vault XP percentage of total XP
 D = Non-vault monster count
 E = Vault monster count
 F = Vault count percentage of total count
                 A         B        C        D         E       F
            +---------+---------+-------+---------+---------+-------
      Total |  132187 |   75721 |  36.4 |     556 |     279 |  33.4
            +---------+---------+-------+---------+---------+-------
        D:1 |      15 |       0 |   0.0 |      10 |       0 |   0.0
        D:2 |      59 |      40 |  40.4 |      23 |       1 |   4.2
        D:3 |     107 |       0 |   0.0 |      17 |       0 |   0.0
        D:4 |     575 |       0 |   0.0 |      26 |       0 |   0.0
        D:5 |    1201 |     259 |  17.7 |      17 |       9 |  34.6
        D:6 |     947 |       0 |   0.0 |      17 |       0 |   0.0
        D:7 |     708 |    4153 |  85.4 |      13 |      20 |  60.6
        D:8 |    3425 |    1601 |  31.9 |      29 |      31 |  51.7
        D:9 |    1682 |       0 |   0.0 |      21 |       0 |   0.0
       D:10 |    2343 |    4081 |  63.5 |      15 |      24 |  61.5
       D:11 |    6815 |     520 |   7.1 |      24 |       1 |   4.0
       D:12 |    7514 |     174 |   2.3 |      18 |       1 |   5.3
       D:13 |    8174 |    8527 |  51.1 |      18 |      14 |  43.8
       D:14 |    8871 |       0 |   0.0 |      21 |       0 |   0.0
       D:15 |    8931 |    6740 |  43.0 |      17 |      13 |  43.3
     Lair:1 |    6219 |       0 |   0.0 |      24 |       0 |   0.0
     Lair:2 |    7806 |     649 |   7.7 |      23 |       5 |  17.9
     Lair:3 |    4899 |     769 |  13.6 |      17 |       1 |   5.6
     Lair:4 |    1785 |       0 |   0.0 |       9 |       0 |   0.0
     Lair:5 |    9975 |       0 |   0.0 |      33 |       0 |   0.0
     Lair:6 |    5828 |   11083 |  65.5 |      17 |      45 |  72.6
   Spider:1 |    8994 |       0 |   0.0 |      26 |       0 |   0.0
   Spider:2 |   12120 |     459 |   3.6 |      26 |       2 |   7.1
   Spider:3 |   19080 |    6073 |  24.1 |      48 |       9 |  15.8
   Spider:4 |       0 |     218 | 100.0 |       0 |       1 | 100.0
      Orc:1 |    1121 |     137 |  10.9 |       7 |       1 |  12.5
      Orc:2 |    2993 |   16783 |  84.9 |      40 |      63 |  61.2
      IceCv |       0 |   12165 | 100.0 |       0 |      35 | 100.0
    Volcano |       0 |    1290 | 100.0 |       0 |       3 | 100.0
            +---------+---------+-------+---------+---------+-------

Illustrated notes

Table legend:
 A = Kills in this place as a percentage of kills in entire the game.
 B = Kills by you in this place as a percentage of kills by you in the entire game.
 C = Kills by friends in this place as a percentage of kills by friends in the entire game.
 D = Other kills in this place as a percentage of other kills in the entire game.
 E = Experience gained in this place as a percentage of experience gained in the entire game.
 F = Experience gained in this place divided by the number of levels of this place that you have seen.
                   A       B       C       D       E      F
               +-------+-------+-------+-------+-------+----------------------
         Total | 100.0 | 100.0 |   N/A |   N/A | 100.0 | 7169.2
       Dungeon |  47.9 |  47.9 |   N/A |   N/A |  37.3 | 5164.1
          Lair |  20.8 |  20.8 |   N/A |   N/A |  23.6 | 8168.8
   Spider Nest |  13.4 |  13.4 |   N/A |   N/A |  22.6 | 11736.0
  Orcish Mines |  13.3 |  13.3 |   N/A |   N/A |  10.1 | 10517.0
      Ice Cave |   4.2 |   4.2 |   N/A |   N/A |   5.9 | 12165.0
       Volcano |   0.4 |   0.4 |   N/A |   N/A |   0.6 | 1290.0
               +-------+-------+-------+-------+-------+----------------------

Table legend: (Time is in decaauts)
 A = Elapsed time spent in this place.
 B = Non-inter-level travel time spent in this place.
 C = Inter-level travel time spent in this place.
 D = Time resting spent in this place.
 E = Time spent auto-exploring this place.
 F = Levels seen in this place.
 G = Mean time per level.
                   A        B        C        D        E       F      G
               +--------+--------+--------+--------+--------+-----+--------+
         Total |  52881 |  49912 |   2969 |   8442 |  32662 |  29 | 1823.5 |
       Dungeon |  28852 |  27109 |   1743 |   3111 |  19879 |  15 | 1923.5 |
          Lair |  13203 |  12625 |    578 |   3580 |   7006 |   6 | 2200.5 |
   Spider Nest |   4784 |   4482 |    302 |    314 |   3277 |   4 | 1196.0 |
  Orcish Mines |   4346 |   4002 |    344 |    495 |   2453 |   2 | 2173.0 |
      Ice Cave |   1585 |   1585 |      0 |    896 |     46 |   1 | 1585.0 |
       Volcano |    110 |    110 |      0 |     46 |      0 |   1 |  110.0 |
               +--------+--------+--------+--------+--------+-----+--------+

Top non-repeatable levels by time:
  Lair:5: 3669 daAuts
   Orc:2: 3173 daAuts
     D:8: 2914 daAuts
    D:11: 2799 daAuts
    D:10: 2783 daAuts
  Lair:2: 2726 daAuts
  Lair:6: 2508 daAuts
Spider:2: 2490 daAuts
     D:7: 2481 daAuts
     D:5: 2288 daAuts
    D:12: 2151 daAuts
    D:13: 2084 daAuts
    D:15: 1838 daAuts
    D:14: 1805 daAuts
  Lair:1: 1587 daAuts
